 Dungeon Crawl Stone Soup version 0.27-a0-1291-geefcff550b (webtiles) character file.

Game seed: 2262856770602723425

620 Lanoc the Grasshopper (level 7, -12/56 HPs)
             Began as a Gnoll Warper on June 15, 2021.
             Was a Believer of Qazlal.
             Killed from afar by Dowan (28 damage)
             ... with a shard of ice
             ... on level 4 of the Dungeon.
             The game lasted 00:06:14 (4569 turns).

Lanoc the Grasshopper (Gnoll Warper)                Turns: 4569, Time: 00:06:15

Health: -12/56     AC: 11    Str: 10    XL:     7   Next: 46%
Magic:  15/15      EV:  5    Int: 14    God:    Qazlal [**....]
Gold:   95         SH:  3    Dex: 12    Spells: 10/17 levels left

rFire    . . .     SeeInvis .   i - +2 mace (protect)
rCold    . . .     Faith    .   (no shield)
rNeg     + . .     Spirit   .   o - +2 chain mail {Will+}
rPois    .         Reflect  .   (no helmet)
rElec    .         Harm     .   (no cloak)
rCorr    .         Rampage  .   (no gloves)
Will     +....                  (no boots)
Stlth    ..........             (no amulet)
HPRegen  0.18/turn              e - ring of positive energy
MPRegen  0.14/turn              (no ring)

@: no status effects
A: fangs 1, strong nose, distributed training
a: Renounce Religion, Upheaval


You were on level 4 of the Dungeon.
You worshipped Qazlal.
Qazlal was pleased with you.
You visited 2 branches of the dungeon, and saw 5 of its levels.

You collected 95 gold pieces.

Inventory:

Hand Weapons
 i - a +2 mace of protection (weapon)
Missiles
 a - 2 silver boomerangs
 b - 4 boomerangs
 d - 3 boomerangs of dispersal (quivered)
Armour
 o - a +2 chain mail of willpower (worn)
Jewellery
 e - a ring of positive energy (left hand)
Wands
 m - a wand of flame (8)
Scrolls
 c - a scroll of blinking
 f - a scroll of fog {unknown}
 g - 2 scrolls of identify {unknown}
 k - a scroll of enchant armour {unknown}
Potions
 h - a potion of lignification
 j - 2 potions of resistance
 l - a potion of brilliance {unknown}
 n - 3 potions of flight {unknown}


   Skills:
 + Level 5.2 Fighting
 + Level 2.5 Short Blades
 + Level 2.5 Long Blades
 + Level 2.5 Axes
 + Level 2.5 Maces & Flails
 + Level 5.2 Polearms
 + Level 2.5 Staves
 + Level 2.5 Slings
 + Level 2.5 Bows
 + Level 2.5 Crossbows
 + Level 3.6 Throwing
 + Level 3.6 Armour
 + Level 5.2 Dodging
 + Level 2.5 Stealth
 + Level 2.5 Shields
 + Level 2.5 Unarmed Combat
 + Level 5.6 Spellcasting
 + Level 2.0 Conjurations
 + Level 2.0 Hexes
 + Level 2.0 Summonings
 + Level 2.0 Necromancy
 + Level 5.8 Translocations
 + Level 2.0 Transmutations
 + Level 2.0 Fire Magic
 + Level 2.0 Ice Magic
 + Level 2.0 Air Magic
 + Level 2.0 Earth Magic
 + Level 2.0 Poison Magic
 + Level 2.8 Invocations
 + Level 2.5 Evocations


You had 10 spell levels left.
You knew the following spells:

 Your Spells              Type           Power      Damage    Failure   Level
a - Manifold Assault      Tloc           20%        N/A       100%        5
h - Blink                 Tloc           N/A        N/A       80%         2

Your spell library contained the following spells:

 Spells                   Type           Power      Damage    Failure   Level
 Gell's Gravitas          Tloc           10%        N/A       95%         3
 Lesser Beckoning         Tloc           10%        N/A       95%         3
 Teleport Other           Tloc           20%        N/A       95%         3


Dungeon Overview and Level Annotations

Branches:
Dungeon (4/15)             Temple (1/1) D:4

Altars:
Qazlal
Vehumet

Annotations:
D:4 Dowan


Innate Abilities, Weirdness & Mutations

You have very sharp teeth.
Your uncanny sense of smell can sniff out nearby items.
Your experience applies equally to all skills.


Message History

You completely miss Dowan.
Dowan is heavily wounded.
Dowan says, "Her death will not be in vain!"
Dowan barely misses you.
You hit Dowan. You bite Dowan, but do no damage.
Dowan is heavily wounded.
Dowan mumbles some strange words.
Dowan blinks!
You barely miss Dowan.
Dowan is heavily wounded.
Dowan barely misses you. Dowan casts a spell at you. The stone arrow hits you.
You barely miss Dowan.
Dowan is heavily wounded.
Dowan hits you but does no damage. x2
You hit Dowan.
Dowan is heavily wounded.
Dowan hits you but does no damage. x2
You hit Dowan. Your bite misses Dowan.
Dowan is severely wounded.
Dowan hits you but does no damage. x2
You hit Dowan.
Dowan is almost dead.
Dowan hits you with a +0 dagger. Dowan barely misses you.
You miss Dowan.
Dowan is almost dead.
Dowan hits you but does no damage. x2
You closely miss Dowan.
Dowan is almost dead.
Dowan barely misses you. Dowan casts a spell at you. The stone arrow hits you.
* * * LOW HITPOINT WARNING * * *
Your chain mail prevents you from hitting Dowan.
Dowan is almost dead.
Dowan casts a spell at you. The shard of ice hits you!!
Ouch! That really hurt!
You die...

.....######..#.# #.#
#.#..#.......#.# #.#
............#.# #.#
##..#.#####.#.# #.# ......##
##.#.# #.# ##....###..#.#
#.#
###.......).##.#########.###
........###................#
###.......#.e@.#########.#.#
#.......#.....# #.#.#
#.......#.....# #.#.#
#.....###.....# #.#.#
#.....# #.....# #.#.#
.#####.#######.....# #.#.#
.................(.# #.#.#
######........../... #.#
#####.######.. #.#


You could see Dowan (fast).

Vanquished Creatures
  Sigmund (D:4)
  Duvessa (D:4)
  A black bear (D:3)
  A bullfrog zombie (D:3)
  Crazy Yiuf (D:3)
  A jelly (D:3)
  An iguana (D:4)
  2 orc wizards (D:3)
  Terence (D:3)
  3 adders
  A dart slug (D:1)
  7 orcs
  2 ball pythons
  A bat (D:2)
  9 endoplasms
  4 giant cockroaches
  8 goblins
  3 hobgoblins
  4 jackals (D:1)
  A quokka (D:1)
  4 frilled lizards
  8 kobolds
  3 rats
68 creatures vanquished.

Notes
Turn   | Place    | Note
-------+----------+-------------------------------------------
     0 | D:1      | Lanoc the Gnoll Warper began the quest for the Orb.
     0 | D:1      | Reached XP level 1. HP: 20/20 MP: 6/6
   137 | D:1      | Found a faded altar of an unknown god.
   141 | D:1      | Reached XP level 2. HP: 26/26 MP: 7/7
   146 | D:1      | Became a worshipper of Qazlal Stormbringer
   146 | D:1      | Reached * piety under Qazlal
   281 | D:1      | Learned a level 2 spell: Blink
   699 | D:1      | Reached XP level 3. HP: 24/31 MP: 9/9
   704 | D:1      | Reached skill level 5 in Spellcasting
  1547 | D:2      | Reached ** piety under Qazlal
  1548 | D:2      | Reached skill level 1 in Invocations
  1705 | D:2      | Reached skill level 1 in Short Blades
  1705 | D:2      | Reached skill level 1 in Long Blades
  1705 | D:2      | Reached skill level 1 in Axes
  1705 | D:2      | Reached skill level 1 in Maces & Flails
  1705 | D:2      | Reached skill level 1 in Staves
  1705 | D:2      | Reached skill level 1 in Slings
  1705 | D:2      | Reached skill level 1 in Bows
  1705 | D:2      | Reached skill level 1 in Crossbows
  1705 | D:2      | Reached skill level 1 in Stealth
  1705 | D:2      | Reached skill level 1 in Shields
  1705 | D:2      | Reached skill level 1 in Unarmed Combat
  1705 | D:2      | Reached skill level 1 in Evocations
  2210 | D:3      | Reached XP level 4. HP: 31/38 MP: 11/11
  2304 | D:3      | Reached skill level 1 in Conjurations
  2304 | D:3      | Reached skill level 1 in Hexes
  2304 | D:3      | Reached skill level 1 in Summonings
  2304 | D:3      | Reached skill level 1 in Necromancy
  2304 | D:3      | Reached skill level 1 in Transmutations
  2304 | D:3      | Reached skill level 1 in Fire Magic
  2304 | D:3      | Reached skill level 1 in Ice Magic
  2304 | D:3      | Reached skill level 1 in Air Magic
  2304 | D:3      | Reached skill level 1 in Earth Magic
  2304 | D:3      | Reached skill level 1 in Poison Magic
  2339 | D:3      | Reached XP level 5. HP: 6/43 MP: 12/12
  2703 | D:3      | Noticed Terence
  2818 | D:3      | Noticed a black bear
  2824 | D:3      | Killed a black bear
  2937 | D:3      | Reached XP level 6. HP: 45/50 MP: 13/13
  3015 | D:3      | Learned a level 5 spell: Manifold Assault
  3155 | D:3      | Found a radiant altar of Vehumet.
  3206 | D:4      | Found a staircase to the Ecumenical Temple.
  3788 | D:3      | Found a runed translucent door.
  3789 | D:3      | Noticed Crazy Yiuf
  3821 | D:3      | Killed Terence
  3822 | D:3      | Reached skill level 5 in Fighting
  3822 | D:3      | Reached skill level 5 in Polearms
  3822 | D:3      | Reached skill level 5 in Dodging
  4061 | D:3      | Killed Crazy Yiuf
  4132 | D:4      | Noticed Sigmund
  4136 | D:4      | Killed Sigmund
  4137 | D:4      | Reached XP level 7. HP: 46/56 MP: 15/15
  4221 | Temple   | Entered the Ecumenical Temple
  4513 | D:4      | Noticed Duvessa
  4518 | D:4      | Noticed Dowan
  4546 | D:4      | Killed Duvessa
  4569 | D:4      | Killed from afar by Dowan

Illustrated notes

Levels and vault maps discovered:
D:1:      lightli_arrival_windingriver, layout_basic,
          chequers_ecumenical_altar_simple
D:2:      layout_basic
D:3:      layout_basic, vehumet_altar_wand_db, uniq_crazy_yiuf_cottage,
          uniq_terence
D:4:      layout_basic, minmay_temple_entry_stoned_glass, uniq_duvessa,
          uniq_menkaure, uniq_sigmund
Temple:   minmay_temple_bridge_d

Skill      XL: |  1  2  3  4  5  6  7 |
---------------+----------------------+-----
Spellcasting   | 5 |  5.6
Invocations    | 1 2 |  2.8
Short Blades   | 1 2 |  2.5
Long Blades    | 1 2 |  2.5
Axes           | 1 2 |  2.5
Maces & Flails | 1 2 |  2.5
Staves         | 1 2 |  2.5
Slings         | 1 2 |  2.5
Bows           | 1 2 |  2.5
Crossbows      | 1 2 |  2.5
Stealth        | 1 2 |  2.5
Shields        | 1 2 |  2.5
Unarmed Combat | 1 2 |  2.5
Evocations     | 1 2 |  2.5
Conjurations   | 1 2 |  2.0
Hexes          | 1 2 |  2.0
Summonings     | 1 2 |  2.0
Necromancy     | 1 2 |  2.0
Transmutations | 1 2 |  2.0
Fire Magic     | 1 2 |  2.0
Ice Magic      | 1 2 |  2.0
Air Magic      | 1 2 |  2.0
Earth Magic    | 1 2 |  2.0
Poison Magic   | 1 2 |  2.0
Throwing       | 3 |  3.6
Armour         | 3 |  3.6
Fighting       | 5 |  5.2
Polearms       | 5 |  5.2
Dodging        | 5 |  5.2
Translocations | |  5.8

Action                   |  1- 3 |  4- 6 |  7- 9 || total
-------------------------+-------+-------+-------++-------
Melee: Spear             |   153 |   101 |       ||   254
       Bite              |     4 |     5 |     3 ||    12
       Punch             |       |     3 |       ||     3
       Mace              |       |    41 |    37 ||    78
Throw: Boomerang         |       |     2 |       ||     2
  Use: Potion            |       |     3 |       ||     3
Armor: Leather armour    |    36 |    26 |       ||    62
       Skin              |       |    14 |       ||    14
       Chain mail        |       |     3 |    22 ||    25
Dodge: Dodged            |    74 |    57 |     8 ||   139
Block: Other             |     6 |     9 |     4 ||    19

Table legend: (Time is in decaauts)
 A = Elapsed time spent in this place.
 B = Non-inter-level travel time spent in this place.
 C = Inter-level travel time spent in this place.
 D = Time resting spent in this place.
 E = Time spent auto-exploring this place.
 F = Levels seen in this place.
 G = Mean time per level.
                   A        B        C        D        E       F      G
               +--------+--------+--------+--------+--------+-----+--------+
         Total |   4571 |   4391 |    180 |    536 |   3162 |   5 |  914.2 |
       Dungeon |   4569 |   4389 |    180 |    536 |   3162 |   4 | 1142.2 |
        Temple |      1 |      1 |      0 |      0 |      0 |   1 |    1.0 |
               +--------+--------+--------+--------+--------+-----+--------+

Top non-repeatable levels by time:
     D:2: 1413 daAuts
     D:3: 1334 daAuts
     D:1: 1121 daAuts
     D:4: 699 daAuts
  Temple: 1 daAuts
